AoeStats
← KootH.

Arena

505053115Analyzed
4v4 RM · 25d ago on Sep 7, 2026· 38m 34s· 8 players
Game mode
Random Map
Map size
Large (8 player)
Population
200
Speed
Normal
Resources
Standard
Victory
Conquest
Starting age
Dark Age
Ending age
Imperial Age
RankedLock teamsTeams togetherTeam positionsShared explorationLock speedFull tech treeHidden civsTurbo modeCheats
Victory
Defeat
🇹🇷 Bulgarians · Türkiye
1620
+10
🇸🇬 Muisca · Singapore
1546
+13
🇹🇼 Slavs · Taiwan
1543
+13
🇹🇷 Cumans · Türkiye
1516
+16
🇨🇴 Slavs · Colombia
1507
-14
🇭🇰 Mongols · Hong Kong SAR China
1492
-13
🇫🇷 Khmer · France
1486
-13
🇮🇱 Bengalis · Israel
1469
-12
Louchosse
10:28 Feudal Age
13:54 Castle Age
11:58 Double-Bit Axe
12:23 Horse Collar
14:54 Bow Saw
14:55 Heavy Plow
20:05 Wheelbarrow
20:21 Loom
20:22 Town Watch
21:08 Gold Mining
21:08 Stone Mining
23:09 Gold Shaft Mining
23:30 Stone Shaft Mining
27:31 Imperial Age
25:20 Hand Cart
26:02 Loom
26:50 Bloodlines
26:40 Husbandry
26:52 Forging
26:04 Light Cavalry
27:55 Scale Barding Armor
28:25 Iron Casting
29:42 Crop Rotation
29:34 Chain Barding Armor
29:05 Fletching
29:17 Hussar
31:40 Blast Furnace
32:55 Bodkin Arrow
35:16 Plate Barding Armor
36:00 Cavalier
Wavelogic
9:23 Feudal Age
10:14 Double-Bit Axe
10:15 Loom
10:31 Horse Collar
18:16 Castle Age
16:55 Gold Mining
18:17 Fletching
18:51 Crossbowman
25:47 Town Watch
31:33 Imperial Age
30:09 Wheelbarrow
30:31 Stone Mining
31:16 Gold Shaft Mining
31:02 Bow Saw
33:22 Two-Man Saw
34:34 Bodkin Arrow
大庆Song
7:39 Loom
11:40 Feudal Age
16:35 Castle Age
14:42 Double-Bit Axe
14:38 Horse Collar
14:56 Stone Mining
27:06 Fletching
28:37 Bodkin Arrow
30:09 Wheelbarrow
30:17 Padded Archer Armor
30:34 Gold Mining
32:33 Heavy Plow
32:43 Bow Saw
33:10 Gold Shaft Mining
38:10 Imperial Age
KootH.
10:05 Feudal Age
14:27 Castle Age
13:07 Double-Bit Axe
19:08 Horse Collar
26:19 Husbandry
26:30 Bloodlines
27:33 Wheelbarrow
27:18 Bloodlines
28:08 Forging
29:04 Heavy Plow
30:33 Scale Barding Armor
34:20 Imperial Age
32:54 Iron Casting
33:23 Chain Barding Armor
33:26 Loom
33:56 Hand Cart
34:42 Elite Boyar
37:36 Hoardings
37:42 Plate Barding Armor
38:42 Blast Furnace
anirone7589
9:13 Feudal Age
13:10 Castle Age
11:26 Double-Bit Axe
12:41 Town Watch
14:01 Gold Mining
16:03 Sanctity
18:46 Redemption
21:23 Fervor
26:55 Loom
29:41 Imperial Age
28:17 Horse Collar
28:47 Bow Saw
28:29 Stone Mining
31:04 Block Printing
31:51 Illumination
heybrowazzup
8:24 Feudal Age
8:59 Double-Bit Axe
9:26 Horse Collar
17:17 Wheelbarrow
16:37 Town Watch
19:43 Castle Age
18:07 Stone Mining
20:26 Heavy Plow
20:38 Bow Saw
20:46 Hand Cart
25:04 Imperial Age
22:35 Loom
24:27 Fletching
26:58 Bodkin Arrow
33:14 Conscription
33:15 Ballistics
34:23 Crop Rotation
35:09 Two-Man Saw
36:08 Chemistry
35:50 Thumb Ring
36:11 Parthian Tactics
35:41 Gold Mining
37:02 Padded Archer Armor
38:00 Elite Kipchak
39:00 Leather Archer Armor
Jhih
11:38 Feudal Age
15:44 Castle Age
14:16 Double-Bit Axe
14:29 Horse Collar
16:55 Bow Saw
23:07 Loom
24:00 Wheelbarrow
24:06 Gold Mining
24:51 Stone Mining
25:27 Heavy Plow
29:30 Imperial Age
28:00 Gold Shaft Mining
27:26 Pikeman
28:06 Squires
28:18 Forging
28:09 Scale Mail Armor
29:44 Onager
30:46 Halberdier
31:48 Conscription
34:24 Two-Man Saw
33:23 Siege Onager
35:46 Siege Engineers
36:18 Chain Mail Armor
36:39 Iron Casting
37:46 Ballistics
38:26 Chemistry
37:18 Fletching
37:58 Plate Mail Armor
38:29 Blast Furnace
Ainz_Own_Goal
11:06 Feudal Age
12:29 Double-Bit Axe
15:20 Castle Age
20:02 Wheelbarrow
20:23 Bow Saw
19:59 Horse Collar
22:09 Heavy Plow
25:40 Stone Mining
25:40 Gold Mining
29:33 Imperial Age
28:22 Hand Cart
27:54 Loom
28:50 Gold Shaft Mining
28:51 Stone Shaft Mining
28:23 Scale Barding Armor
28:29 Forging
29:18 Chain Barding Armor
31:04 Plate Barding Armor
31:05 Iron Casting
30:06 Elite Konnik
31:06 Bloodlines
30:56 Husbandry
32:59 Blast Furnace
34:15 Conscription
33:52 Stirrups
34:23 Ballistics
35:03 Chemistry
34:04 Town Watch
34:48 Scale Mail Armor
35:54 Chain Mail Armor
35:41 Squires
35:27 Arson
35:28 Gambesons
36:53 Town Patrol
37:26 Crop Rotation
38:50 Plate Mail Armor
Connection lost

Rejoining the realm…

Still unreachable

The connection could not be restored.

Session expired

The server has moved on; the page needs a fresh start.